 Dungeon Sprint DCSS version 0.27-a0-1181-g5f64966fcc (webtiles) character file.

Game seed: 9778065776598218391

40624 mhtbhm the Executioner (level 13, -4/146 HPs)
             Began as a Minotaur Berserker on May 17, 2021.
             Was the Champion of Trog.
             Slain by a hell knight
             ... wielding a +0 demon trident
              (14 damage)
             ... in the Dungeon (Sprint VII: "The Pits").
             The game lasted 00:10:43 (3784 turns).

mhtbhm the Executioner (Minotaur Berserker)         Turns: 3784, Time: 00:10:43

Health: -4/146     AC: 25    Str: 26    XL:     13   Next: 75%
Magic:  12/12      EV: 13    Int:  4    God:    Trog [******]
Gold:   81         SH:  0    Dex: 11    Spells: 12/12 levels left

rFire    . . .     SeeInvis .   a - +3 executioner's axe (flame)
rCold    . . .     Faith    .   (shield currently unavailable)
rNeg     . . .     Spirit   .   b - +3 chain mail {rPois}
rPois    +         Reflect  .   (helmet restricted)
rElec    .         Harm     .   k - +0 cloak
rCorr    .         Rampage  .   (no gloves)
Will     +....     NoTele   +   o - +0 pair of boots
Stlth    ..........             (no amulet)
HPRegen  0.34/turn              m - +3 ring of protection
MPRegen  0.13/turn              w - ring of willpower

@: on berserk cooldown, very slightly contaminated, slowed, studying Stealth,
invisible, very slow
A: horns 2, retaliatory headbutt
a: Renounce Religion, Berserk, Trog's Hand, Brothers in Arms


You were in the Dungeon.
You worshipped Trog.
Trog was exalted by your worship.
You visited 1 branch You collected 81 gold pieces.

Inventory:

Hand Weapons
 a - a +3 executioner's axe of flaming (weapon)
 h - a +1 vampiric broad axe
Missiles
 l - 2 throwing nets
 q - 10 poisoned darts (quivered)
 A - 7 javelins
Armour
 b - a +3 chain mail of poison resistance (worn)
 k - a +0 cloak (worn)
 o - a +0 pair of boots (worn)
Jewellery
 m - a +3 ring of protection (left hand)
 w - a ring of willpower (right hand)
 z - a ring of positive energy
Wands
 p - a wand of flame (14)
 y - a wand of mindburst (13)
Scrolls
 j - a scroll of summoning
 r - 5 scrolls of identify
 s - a scroll of fear
 t - 4 scrolls of enchant armour
 u - a scroll of fog
Potions
 c - 10 potions of curing
 d - 13 potions of heal wounds
 e - 4 potions of haste
 f - 4 potions of magic
 g - 3 potions of berserk rage
 i - a potion of invisibility
 n - a potion of mutation
 x - a potion of resistance
Miscellaneous
 v - a condenser vane
 B - a tin of tremorstones (2/2)


   Skills:
 + Level 22.6 Fighting
 + Level 24.3 Axes
 + Level 2.8 Throwing
 + Level 20.7 Armour
 + Level 11.5 Dodging
 + Level 5.7 Stealth
 + Level 4.4 Evocations


You had 12 spell levels left.
You didn't know any spells.
Your spell library was empty.

Dungeon Overview and Level Annotations

Branches:
Dungeon (1/1)

Altars:
Ashenzari
Cheibriados
Dithmenos
Elyvilon
Fedhas
Gozag
Hepliaklqana
Kikubaaqudgha
Makhleb
Nemelex Xobeh
Okawaru
Qazlal
Ru
Sif Muna
Trog
Uskayaw
Vehumet
Wu Jian
Xom
Yredelemnul
Zin
The Shining One
Beogh
Jiyva
Lugonu


Innate Abilities, Weirdness & Mutations

You have a pair of horns on your head.
You reflexively headbutt those who attack you in melee.


Message History

The hell knight is engulfed in freezing vapours.
The emperor scorpion is engulfed in freezing vapours.
The war gargoyle hits you but does no damage.
The vault guard hits you with a +3 great mace of protection.
* * * LOW HITPOINT WARNING * * *
Unknown command.
You feel much better.
The orc knight no longer looks unusually strong.
The war gargoyle launches metal splinters at you.
The spray of metal splinters hits you but does no damage.
The orc knight misses you.
The yaktaur captain is engulfed in freezing vapours.
The vault guard hits you with a +3 great mace of protection!
* * * LOW HITPOINT WARNING * * *
The hell knight barely misses you.
The war gargoyle hits you with a +1 vorpal flail.
* * * LOW HITPOINT WARNING * * *
x2 Your cyclops hits the war gargoyle!!
The orc knight hits you but does no damage.
Unknown command.
Okay, then.
You feel much better.
The deep elf knight shouts!
You hear a shout!
The war gargoyle hits you with a +1 vorpal flail.
The vault guard hits you with a +3 great mace of protection.
The hell knight hits you from afar with a +0 demon trident!
* * * LOW HITPOINT WARNING * * *
Your cyclops hits the war gargoyle!!
The war gargoyle is destroyed!
Trog accepts your kill. The orc knight barely misses you.
You furiously retaliate!
You headbutt the orc knight!
The yaktaur captain shoots a bolt.
The bolt hits the hell knight!!
The deep elf knight points at itself and mumbles some strange words.
The deep elf knight flickers and vanishes!
Deactivating autopickup; reactivate with Ctrl-A.
The vault guard hits you with a +3 great mace of protection!!
* * * LOW HITPOINT WARNING * * *
The hell knight hits you from afar with a +0 demon trident!
You die...

.+ #' .+ #. '# #+
'###############################+
.................................
...)............................)
.##############''##############.)
.# #......# #.. .# #.†.@..# #..
.# #..op)C# #.. .# ###p)### #..
.# ..c..ces{...... #.. .#
..p..p)p....... #.. .#
.####°.).####.e #.. .# #....# #..
.# ##..## ## ####


You could see an emperor scorpion, a yaktaur captain, a vault guard, an orc
knight, 3 hell knights, a deep elf knight (wandering) and a friendly cyclops
(summoned, berserk).

Vanquished Creatures
  A titan (D)
  A sphinx (D)
  A nagaraja (D)
  A ghost moth (D)
  An orc warlord (D)
  An emperor scorpion (D)
  A green draconian (D)
  A deep elf annihilator (D)
  A merfolk javelineer (D)
  A merfolk impaler (D)
  A vault guard (D)
  2 naga warriors (D)
  A spriggan air mage (D)
  Erolcha (D)
  2 hydras (D)
  An alligator (D)
  An orc high priest (D)
  A hell hog (D)
  A hell knight (D)
  2 sixfirhies (D)
  A deep troll (D)
  A flayed ghost (D)
  A sea snake (D)
  2 bog bodies (D)
  A harpy (shapeshifter) (D)
  2 lindwurms (D)
  A phantasmal warrior (D)
  A spriggan druid (D)
  A deep elf pyromancer (D)
  A deep elf zephyrmancer (D)
  8 orc knights (D)
  An orc sorcerer (D)
  An ugly thing (D)
  A black mamba (D)
  A guardian serpent (D)
  An elephant (D)
  A molten gargoyle (D)
  2 gargoyles (D)
  2 efreet (D)
  A rime drake (D)
  A hellwing (D)
  8 merfolk (D)
  A polar bear (D)
  A troll (D)
  A wandering mushroom (D)
  A jumping spider (D)
  3 hornets (D)
  Grinder (D)
  4 blink frogs (D)
  A flying skull (D)
  2 spriggans (D)
  2 shadows (D)
  Sigmund (D)
  2 redbacks (D)
  A wraith (D)
  2 yaks (D)
  A chaos spawn (D)
  4 hell hounds (D)
  2 orc warriors (D)
  2 swamp drakes (D)
  A phantom (D)
  2 kobold brigands (D)
  A bullfrog (D)
  A scorpion (D)
  Blork the orc (D)
  9 killer bees (D)
  A crimson imp (D)
  2 hounds (D)
  A gnoll shaman (D)
  An orc priest (D)
  Crazy Yiuf (D)
  An iron imp (D)
  4 orc wizards (D)
  A small abomination (D)
  5 gnolls (D)
  A river rat (D)
  2 worms (D)
  6 orcs (D)
  A bat zombie (D)
  An endoplasm (D)
  A goblin (D)
  2 hobgoblins (D)
  3 jackals (D)
  A kobold (D)
  A quokka (D)
  2 bats (D)
  A frilled lizard (D)
  A jackal skeleton (D)
  A rat (D)
151 creatures vanquished.

Vanquished Creatures (collateral kills)
  An emperor scorpion (D)
  An orc warlord (D)
  A war gargoyle (D)
  A demonic crawler (D)
  An ice devil (D)
5 creatures vanquished.

Vanquished Creatures (others)
  A kobold brigand (D)
1 creature vanquished.

Grand Total: 157 creatures vanquished

Notes
Turn   | Place    | Note
-------+----------+-------------------------------------------
     0 | D        | mhtbhm the Minotaur Berserker began the quest for the Orb.
     0 | D        | Reached XP level 1. HP: 19/19 MP: 0/0
    20 | D        | Found a bloodstained altar of Trog.
    20 | D        | Found a shimmering blue altar of Sif Muna.
    20 | D        | Found a viscous altar of Jiyva.
    20 | D        | Found a hazy altar of Hepliaklqana.
    20 | D        | Found an opulent altar of Gozag.
    21 | D        | Found a glowing golden altar of the Shining One.
    21 | D        | Found a glowing silver altar of Zin.
    21 | D        | Found a basalt altar of Yredelemnul.
    21 | D        | Found a shimmering altar of Xom.
    21 | D        | Found an ornate altar of the Wu Jian Council.
    21 | D        | Found a sacrificial altar of Ru.
    21 | D        | Found a stormy altar of Qazlal.
    21 | D        | Found an iron altar of Okawaru.
    21 | D        | Found a sparkling altar of Nemelex Xobeh.
    21 | D        | Found a burning altar of Makhleb.
    21 | D        | Found a blossoming altar of Fedhas.
    21 | D        | Found a white marble altar of Elyvilon.
    21 | D        | Found a shadowy altar of Dithmenos.
    21 | D        | Found a snail-covered altar of Cheibriados.
    23 | D        | Found a radiant altar of Vehumet.
    23 | D        | Found a corrupted altar of Lugonu.
    24 | D        | Found a hide-covered altar of Uskayaw.
    24 | D        | Found an ancient bone altar of Kikubaaqudgha.
    24 | D        | Found a broken altar of Ashenzari.
    68 | D        | Noticed a scorpion
    72 | D        | Reached skill level 4 in Axes
    74 | D        | Killed a scorpion
    74 | D        | Reached ** piety under Trog
    75 | D        | Reached skill level 7 in Axes
    75 | D        | Reached XP level 2. HP: 21/31 MP: 1/1
    75 | D        | Reached XP level 3. HP: 26/38 MP: 2/2
   261 | D        | Reached *** piety under Trog
   262 | D        | Reached XP level 4. HP: 45/45 MP: 3/3
   307 | D        | Noticed Sigmund
   313 | D        | Killed Sigmund
   314 | D        | Reached skill level 10 in Axes
   314 | D        | Reached XP level 5. HP: 57/57 MP: 4/4
   315 | D        | Reached **** piety under Trog
   421 | D        | Noticed a flying skull
   422 | D        | Noticed Crazy Yiuf
   427 | D        | Killed Crazy Yiuf
   430 | D        | Reached skill level 5 in Dodging
   430 | D        | Reached XP level 6. HP: 63/63 MP: 5/5
   433 | D        | Reached skill level 11 in Axes
   433 | D        | Reached skill level 5 in Armour
   433 | D        | Killed a flying skull
   433 | D        | Reached ***** piety under Trog
   434 | D        | Reached skill level 10 in Fighting
   434 | D        | Reached skill level 12 in Axes
   434 | D        | Reached skill level 1 in Stealth
   535 | D        | Reached XP level 7. HP: 69/73 MP: 6/6
   537 | D        | Noticed a polar bear
   549 | D        | Killed a polar bear
   550 | D        | Reached skill level 13 in Axes
   756 | D        | Received a gift from Trog
   810 | D        | Noticed a wraith
   816 | D        | Received a gift from Trog
   818 | D        | Killed a wraith
   819 | D        | Reached XP level 8. HP: 83/83 MP: 7/7
   970 | D        | Noticed a phantasmal warrior
   971 | D        | Noticed a lindwurm
   976 | D        | Reached skill level 14 in Axes
   979 | D        | Killed a lindwurm
   986 | D        | Killed a phantasmal warrior
   987 | D        | Reached skill level 15 in Axes
   987 | D        | Reached skill level 10 in Armour
   987 | D        | Reached XP level 9. HP: 93/93 MP: 8/8
  1044 | D        | Noticed a gargoyle
  1044 | D        | Noticed a deep troll
  1056 | D        | Killed a gargoyle
  1056 | D        | Reached ****** piety under Trog
  1057 | D        | Reached skill level 16 in Axes
  1058 | D        | Killed a deep troll
  1250 | D        | Noticed a bog body
  1256 | D        | Killed a bog body
  1256 | D        | Received a gift from Trog
  1257 | D        | Reached skill level 17 in Axes
  1257 | D        | Noticed Grinder
  1270 | D        | Paralysed by Grinder for 7 turns
  1278 | D        | Killed Grinder
  1279 | D        | Reached XP level 10. HP: 103/103 MP: 9/9
  1511 | D        | Noticed a black mamba
  1512 | D        | Noticed a sea snake
  1512 | D        | Noticed a bog body
  1520 | D        | Killed a sea snake
  1525 | D        | Killed a black mamba
  1526 | D        | Reached skill level 18 in Axes
  1526 | D        | Killed a bog body
  1526 | D        | Received a gift from Trog
  1704 | D        | Received a gift from Trog
  1744 | D        | Paralysed by a hornet for 2 turns
  1750 | D        | Noticed a deep elf annihilator
  1751 | D        | Noticed a flayed ghost
  1753 | D        | Killed a deep elf annihilator
  1753 | D        | Received a gift from Trog
  1754 | D        | Reached skill level 15 in Fighting
  1754 | D        | Reached skill level 19 in Axes
  1759 | D        | Killed a flayed ghost
  1773 | D        | Noticed Blork the orc
  1773 | D        | Noticed an orc sorcerer
  1773 | D        | Noticed an eight-headed hydra
  1804 | D        | Noticed an alligator
  1809 | D        | Received a gift from Trog
  1810 | D        | Reached skill level 15 in Armour
  1810 | D        | Reached XP level 11. HP: 114/114 MP: 10/10
  1814 | D        | Killed an orc sorcerer
  1817 | D        | Received a gift from Trog
  1826 | D        | Killed Blork the orc
  1828 | D        | Killed an alligator
  1830 | D        | Killed a nine-headed hydra
  1831 | D        | Reached skill level 20 in Axes
  1834 | D        | Received a gift from Trog
  1841 | D        | Noticed a harpy
  1841 | D        | a black mamba changed into a harpy
  1844 | D        | Killed a harpy
  2038 | D        | Noticed a lindwurm
  2051 | D        | Killed a lindwurm
  2109 | D        | Received a gift from Trog
  2117 | D        | Received a gift from Trog
  2277 | D        | Noticed a deep elf pyromancer
  2288 | D        | Killed a deep elf pyromancer
  2481 | D        | Noticed an emperor scorpion
  2490 | D        | Killed an emperor scorpion
  2494 | D        | Reached skill level 21 in Axes
  2595 | D        | Noticed a sixfirhy
  2595 | D        | Noticed Erolcha
  2605 | D        | Received a gift from Trog
  2605 | D        | Killed a sixfirhy
  2610 | D        | Killed Erolcha
  2810 | D        | Noticed a titan
  2817 | D        | Killed a titan
  2818 | D        | Reached skill level 10 in Dodging
  2818 | D        | Reached XP level 12. HP: 129/129 MP: 11/11
  2905 | D        | Noticed an orb of fire
  2957 | D        | Noticed a green draconian
  2957 | D        | Noticed a sphinx
  2958 | D        | Found the +5 robe of Night {Dark Will+ SInv}
  2965 | D        | Killed a ghost moth
  2965 | D        | Received a gift from Trog
  2980 | D        | Killed a green draconian
  2984 | D        | Reached skill level 22 in Axes
  2988 | D        | Killed a sphinx
  2993 | D        | Identified the +7 battleaxe of Wibb {flame, Str-4 Dex+2
                  | SInv Stlth+} (Trog gifted it to you in the Dungeon)
  2993 | D        | Received a gift from Trog
  3175 | D        | Received a gift from Trog
  3180 | D        | Noticed a merfolk impaler
  3184 | D        | Noticed an eight-headed hydra
  3184 | D        | Killed a merfolk impaler
  3188 | D        | Killed a six-headed hydra
  3188 | D        | Received a gift from Trog
  3189 | D        | Reached skill level 1 in Evocations
  3204 | D        | Noticed a nagaraja
  3217 | D        | Received a gift from Trog
  3218 | D        | Noticed a hell hog
  3219 | D        | Killed a nagaraja
  3219 | D        | Noticed a spriggan air mage
  3220 | D        | Reached skill level 23 in Axes
  3220 | D        | Reached XP level 13. HP: 61/141 MP: 12/12
  3222 | D        | Received a gift from Trog
  3374 | D        | Noticed a merfolk javelineer
  3382 | D        | Killed a merfolk javelineer
  3751 | D        | Noticed an emperor scorpion
  3752 | D        | Noticed an orc warlord
  3753 | D        | Reached skill level 1 in Throwing
  3753 | D        | Noticed an orc warlord
  3755 | D        | Killed an emperor scorpion
  3756 | D        | Noticed an emperor scorpion
  3761 | D        | Killed an orc warlord
  3761 | D        | Received a gift from Trog
  3763 | D        | Reached skill level 5 in Stealth
  3773 | D        | Received a gift from Trog
  3774 | D        | Reached skill level 24 in Axes
  3774 | D        | Killed an orc warlord
  3774 | D        | Noticed a war gargoyle
  3784 | D        | Killed a war gargoyle
  3784 | D        | Slain by a hell knight

Illustrated notes

Levels and vault maps discovered:
D:        pitsprint [storerooms_1, entrance_room_1, metal_vault_3, armoury_1,
          mini_pit_1, grid_room_1, main_hall_1, silver_pit, the_coven_2,
          the_vestibule_1, steel_vault_4, golden_pit, hallway_of_sentries,
          crystal_vault_6, iron_vault_2, final_vault]

Skill      XL: |  1  2  3  4  5  6  7  8  9 10 11 12 13 |
---------------+----------------------------------------+-----
Fighting       | 6 9 10 11 13 14 15 18 20 22 | 22.6
Axes           | 7 10 12 13 15 17 19 21 23 24 | 24.3
Armour         | 3 4 6 8 10 12 15 17 19 20 | 20.7
Dodging        | 3 4 5 6 7 8 10 11 | 11.5
Stealth        | 1 2 3 4 5 |  5.7
Evocations     | 1 4 |  4.4
Throwing       | 2 |  2.8

Action                   |  1- 3 |  4- 6 |  7- 9 | 10-12 | 13-15 || total
-------------------------+-------+-------+-------+-------+-------++-------
Melee: Hand axe          |    11 |    14 |    33 |       |       ||    58
       Headbutt          |       |       |    13 |    42 |    14 ||    69
       Broad axe         |       |       |    38 |   172 |       ||   210
       Battleaxe         |       |       |       |    25 |    33 ||    58
       Executioner's axe |       |       |       |       |     9 ||     9
Throw: Dart              |       |       |       |       |     5 ||     5
Invok: Berserk           |     2 |     2 |     4 |     9 |     3 ||    20
       Brothers in Arms  |       |       |       |     2 |     4 ||     6
Evoke: Condenser vane    |       |       |       |     3 |     2 ||     5
       Wand              |       |       |       |     3 |       ||     3
  Use: Potion            |       |       |       |     1 |    10 ||    11
       Scroll            |       |       |       |     1 |       ||     1
 Stab: Confused          |       |       |       |     1 |       ||     1
       Invisible         |       |       |       |       |     1 ||     1
Armor: Animal skin       |     2 |     2 |       |       |       ||     4
       Chain mail        |       |     3 |    38 |   121 |    16 ||   178
Dodge: Dodged            |     3 |     6 |    25 |   102 |    24 ||   160

Table legend: (Time is in decaauts)
 A = Elapsed time spent in this place.
 B = Non-inter-level travel time spent in this place.
 C = Inter-level travel time spent in this place.
 D = Time resting spent in this place.
 E = Time spent auto-exploring this place.
 F = Levels seen in this place.
 G = Mean time per level.
                   A        B        C        D        E       F      G
               +--------+--------+--------+--------+--------+-----+--------+
         Total |   3846 |   3846 |      0 |   2507 |     86 |   1 | 3846.0 |
       Dungeon |   3846 |   3846 |      0 |   2507 |     86 |   1 | 3846.0 |
               +--------+--------+--------+--------+--------+-----+--------+

Top non-repeatable levels by time:
       D: 3846 daAuts
